 Dungeon Crawl Stone Soup version 0.28-a0-793-g31680bbd8b (webtiles) character file.

Game seed: 8409032619722411316

98 bande the Shield-Bearer (level 4, -4/29 HPs)
             Began as a Gargoyle Fighter on Nov 4, 2021.
             Slain by a gnoll (11 damage)
             ... on level 2 of the Dungeon.
             The game lasted 00:03:51 (2705 turns).

bande the Shield-Bearer (Gargoyle Fighter)          Turns: 2705, Time: 00:03:51

Health: -4/29      AC: 10    Str: 21    XL:     4   Next: 71%
Magic:  4/4        EV:  9    Int:  8    God:
Gold:   92         SH:  4    Dex:  9    Spells: 3/3 levels left

rFire   . . .      SeeInvis .   a - +1 war axe
rCold   . . .      Faith    .   c - +0 buckler
rNeg    + . .      Spirit   .   b - +0 scale mail
rPois   ∞          Reflect  .   (no helmet)
rElec   +          Harm     .   (no cloak)
rCorr   .          Rampage  .   (no gloves)
Will    .....                   (no boots)
Stlth   ..........              (no amulet)
HPRegen 0.09/turn               (no ring)
MPRegen 0.09/turn               (no ring)

@: no status effects
A: sickness immunity, AC +3, negative energy resistance 1, electricity
resistance, torment resistance 1, petrification resistance
a: no special abilities


You were on level 2 of the Dungeon.
You visited 1 branch of the dungeon, and saw 2 of its levels.

You collected 92 gold pieces.

Inventory:

Hand Weapons
 a - a +1 war axe (weapon)
Armour
 b - a +0 scale mail (worn)
 c - a +0 buckler (worn)
Scrolls
 g - a scroll of acquirement {unknown}
Potions
 d - 4 potions of might
 e - 2 potions of curing
 f - 2 potions of berserk rage


   Skills:
 + Level 3.7 Fighting
 + Level 3.0 Axes
 + Level 3.9 Armour
 - Level 0.2 Stealth
 + Level 4.0 Shields


You had 3 spell levels left.
You didn't know any spells.
Your spell library contained the following spells:

 Spells                   Type           Power      Damage    Failure   Level
 Portal Projectile        Hex/Tloc       0%         N/A       98%         3
 Blade Hands              Tmut           0%         N/A       100%        5
 Excruciating Wounds      Necr           0%         N/A       100%        5


Dungeon Overview and Level Annotations

Branches:
Dungeon (2/15)

Altars:
Uskayaw


Innate Abilities, Weirdness & Mutations

You are immune to sickness and miasma.
Your stone body is resilient. (AC +3)
You are immune to poison.
You resist negative energy. (rN+)
You are resistant to electric shocks. (rElec)
You are resistant to unholy torment.
You are immune to petrification.


Message History

You climb downwards.
There is a stone staircase leading up here.
The gnoll hits you from afar with a +0 halberd.
The gnoll hits you from afar with a +0 spear. x2
The gnoll misses you.
The gnoll hits you from afar with a +0 spear.
The gnoll hits you but does no damage.
You climb upwards.
There is a stone staircase leading down here.
You start resting.
HP restored.
You climb downwards.
The gnoll hits you from afar with a +0 spear.
There is a stone staircase leading up here.
The gnoll closely misses you.
You climb upwards.
There is a stone staircase leading down here.
You start resting.
HP restored.
You climb downwards.
There is a stone staircase leading up here.
The gnoll hits you with a +0 spear.
You hit the gnoll.
The gnoll is heavily wounded.
You block the gnoll's attack. The gnoll hits you with a +0 spear.
The gnoll hits you but does no damage. The gnoll barely misses you.
You hit the gnoll.
The gnoll is severely wounded.
The gnoll closely misses you.
The gnoll hits you from afar with a +0 spear.
The gnoll barely misses you. The gnoll hits you with a +0 spear!
The gnoll hits you but does no damage.
Unknown command.
Unknown command.
The gnoll hits you from afar with a +0 spear.
* * * LOW HITPOINT WARNING * * *
The gnoll closely misses you.
There is a stone staircase leading up here.
The gnoll hits you from afar with a +0 halberd!
You die...

#...# #.........##
#########J..#
#........)##
#.......#.^.#
#.........##
#.......##.##
#.........##
#..........#
#####.#####
#........##########.#
#...................#
#........############
#####.#..@.g...#
#.#....g.#.#
#.#..#g..#.#
#.#..(...#.#
#.#.....##g#
#.#.....##.# ######
#.#.....##g######
.....#
#.#.(...##..g...#
####.#
#.###...#######g#


You could see 3 gnolls.

Vanquished Creatures
  A gnoll (D:1)
  5 adders (D:2)
  A worm (D:2)
  3 endoplasms
  4 giant cockroaches
  6 goblins
  2 hobgoblins (D:1)
  A quokka (D:1)
  4 ball pythons
  2 bats (D:1)
  3 frilled lizards
  6 kobolds
  4 rats
42 creatures vanquished.

Notes
Turn   | Place    | Note
-------+----------+-------------------------------------------
     0 | D:1      | bande the Gargoyle Fighter began the quest for the Orb.
     0 | D:1      | Reached XP level 1. HP: 14/14 MP: 1/1
   175 | D:1      | Reached XP level 2. HP: 19/19 MP: 2/2
   187 | D:1      | Noticed an eye of devastation
   189 | D:1      | Found a faded altar of an unknown god.
   232 | D:1      | Noticed a great orb of eyes
   232 | D:1      | Noticed a golden eye
   232 | D:1      | Noticed a golden eye
   575 | D:2      | Reached XP level 3. HP: 22/23 MP: 3/3
  1282 | D:2      | Reached XP level 4. HP: 28/28 MP: 4/4
  1583 | D:2      | Found a hide-covered altar of Uskayaw.
  2077 | D:1      | Reached skill level 4 in Shields
  2705 | D:2      | Slain by a gnoll

Illustrated notes

Levels and vault maps discovered:
D:1:      dpeg_arrival_pits, layout_basic,
          hellmonk_ecumenical_altar_watching_god, minmay_distorted
D:2:      layout_basic, basic_altar, kennysheep_generic_room_14

Skill      XL: |  1  2  3  4 |
---------------+-------------+-----
Axes           | 2 3 |  3.0
Shields        | 4 |  4.0
Fighting       | |  3.7
Armour         | |  3.9
Stealth        | |  0.2

Action                   |  1- 3 |  4- 6 || total
-------------------------+-------+-------++-------
Melee: War axe           |    93 |    62 ||   155
  Use: Scroll            |     5 |       ||     5
Armor: Scale mail        |    51 |    45 ||    96
Dodge: Dodged            |    52 |    47 ||    99
Block: Buckler           |    14 |    20 ||    34

Table legend: (Time is in decaauts)
 A = Elapsed time spent in this place.
 B = Non-inter-level travel time spent in this place.
 C = Inter-level travel time spent in this place.
 D = Time resting spent in this place.
 E = Time spent auto-exploring this place.
 F = Levels seen in this place.
 G = Mean time per level.
                   A        B        C        D        E       F      G
               +--------+--------+--------+--------+--------+-----+--------+
         Total |   2776 |   2776 |      0 |    838 |   1434 |   2 | 1388.0 |
       Dungeon |   2776 |   2776 |      0 |    838 |   1434 |   2 | 1388.0 |
               +--------+--------+--------+--------+--------+-----+--------+

Top non-repeatable levels by time:
     D:2: 1483 daAuts
     D:1: 1293 daAuts
